AoeStats
← bullseyes

African Clearing

505915721Analyzed
4v4 RM · 21d ago on Sep 11, 2026· 37m 30s· 8 players
Game mode
Random Map
Map size
Large (8 player)
Population
200
Speed
Normal
Resources
Standard
Victory
Conquest
Starting age
Dark Age
Ending age
Imperial Age
RankedLock teamsTeams togetherTeam positionsShared explorationLock speedFull tech treeHidden civsTurbo modeCheats
Victory
Defeat
🇵🇪 Mapuche · Peru
1711
+11
🇨🇱 Khmer · Chile
1646
+14
🇵🇪 Vietnamese · Peru
1635
+14
🇧🇪 Tatars · Belgium
1518
+20
🇹🇼 Magyars · Taiwan
1693
-19
🇹🇼 Huns · Taiwan
1578
-14
🇹🇼 Saracens · Taiwan
1577
-14
🇹🇼 Tupi · Taiwan
1537
-12
EXILE | TurtleS3
8:05 Loom
15:02 Feudal Age
16:19 Wheelbarrow
15:34 Town Watch
16:27 Double-Bit Axe
21:49 Castle Age
23:23 Hand Cart
25:28 Bow Saw
25:48 Fletching
27:33 Fishing Lines
30:17 Bodkin Arrow
31:21 Gillnets
32:52 Treadmill Crane
33:33 Ballistics
33:41 Padded Archer Armor
34:53 Leather Archer Armor
35:37 Gold Mining
35:39 Stone Mining
39:41 Imperial Age
Ancalagon14
6:06 Loom
12:29 Feudal Age
13:26 Double-Bit Axe
17:23 Forging
19:51 Scale Barding Armor
22:05 Castle Age
22:06 Light Cavalry
23:24 Iron Casting
23:41 Husbandry
25:01 Chain Barding Armor
26:09 Bloodlines
29:16 Town Watch
33:11 Horse Collar
noru
12:25 Feudal Age
12:28 Loom
13:03 Loom
13:35 Double-Bit Axe
16:24 Castle Age
21:35 Town Watch
24:03 Wheelbarrow
24:45 Bow Saw
24:15 Horse Collar
25:16 Stone Mining
26:58 Heavy Plow
27:12 Gold Mining
27:40 Fletching
29:04 Ballistics
29:14 Hand Cart
29:58 Gold Shaft Mining
35:00 Imperial Age
32:03 Pikeman
32:56 Champi Runner
33:39 Scale Mail Armor
33:49 Forging
33:47 Champi Warrior
34:13 Arson
34:44 Chain Mail Armor
35:02 Bodkin Arrow
35:45 Stone Shaft Mining
35:08 Elite Champi Warrior
36:45 Plate Mail Armor
36:37 Conscription
38:26 Iron Casting
bullseyes
13:31 Feudal Age
17:25 Castle Age
15:52 Double-Bit Axe
15:53 Horse Collar
18:40 Bow Saw
20:34 Loom
21:28 Fletching
32:54 Wheelbarrow
32:34 Town Watch
33:04 Heavy Plow
33:41 Gold Mining
34:50 Hand Cart
34:29 Stone Mining
35:15 Gold Shaft Mining
38:18 Imperial Age
36:32 Ballistics
36:28 Bloodlines
36:18 Husbandry
36:31 Bodkin Arrow
37:02 Padded Archer Armor
DDDDD
8:44 Loom
15:00 Feudal Age
16:48 Double-Bit Axe
16:54 Gold Mining
19:10 Castle Age
18:37 Fletching
20:03 Bodkin Arrow
20:23 Bow Saw
20:17 Husbandry
28:00 Bloodlines
31:31 Ballistics
34:29 Medium Warships
35:14 Wheelbarrow
35:08 Padded Archer Armor
36:33 Leather Archer Armor
36:55 Horse Collar
騷護士
3:06 Loom
12:18 Feudal Age
16:58 Castle Age
16:56 Fletching
28:22 Double-Bit Axe
31:09 Wheelbarrow
30:42 Horse Collar
36:19 Imperial Age
33:50 Gold Mining
34:10 Bow Saw
35:50 Gold Shaft Mining
35:06 Stone Mining
34:57 Champi Runner
35:38 Squires
35:23 Arson
35:47 Scale Mail Armor
35:58 Forging
35:55 Caciques
35:51 Champi Warrior
36:50 Chain Mail Armor
37:00 Elite Champi Warrior
wildanimal
13:31 Feudal Age
12:50 Loom
14:24 Loom
17:16 Castle Age
15:45 Double-Bit Axe
15:51 Stone Mining
19:42 Bow Saw
20:03 Horse Collar
22:45 Fishing Lines
25:33 Wheelbarrow
25:02 Town Watch
25:13 Gold Mining
26:19 Scale Barding Armor
29:36 Chain Barding Armor
31:05 Forging
31:14 Husbandry
33:48 Gold Shaft Mining
33:35 Bloodlines
34:58 Hand Cart
36:12 Fletching
上帝惡魔楊宗翰
6:12 Loom
11:26 Feudal Age
12:12 Loom
13:18 Fletching
21:33 Castle Age
20:37 Padded Archer Armor
21:40 Double-Bit Axe
22:21 Bodkin Arrow
27:23 Wheelbarrow
31:45 Ballistics
34:49 Leather Archer Armor
34:59 Horse Collar
36:27 Husbandry
Connection lost

Rejoining the realm…

Still unreachable

The connection could not be restored.

Session expired

The server has moved on; the page needs a fresh start.